 Dungeon Crawl Stone Soup version 0.17-a0-1632-g0af21bd (webtiles) character file.

849 urechis the Grappler (level 7, -15/72 HPs)
             Began as a Troll Monk on Aug 3, 2015.
             Demolished by urechis's ghost (22 damage)
             ... on level 5 of the Dungeon.
             The game lasted 00:07:14 (3462 turns).

urechis the Grappler (Troll Monk)                   Turns: 3462, Time: 00:07:15

Health: -15/72     AC:  5    Str: 20    XL:     7   Next: 69%
Magic:  6/6        EV:  5    Int:  6    God:
Gold:   266        SH:  0    Dex: 14    Spells: 0 memorised, 6 levels left

rFire  . . .     SeeInvis .       - Unarmed
rCold  + . .     Clarity  .     A - +0 robe (curse)
rNeg   . . .     SustAt   +     (no shield)
rPois  .         Gourm    +     (helmet restricted)
rElec  .         Spirit   .     (no cloak)
rCorr  .         Warding  .     (gloves unavailable)
rMut   .         Stasis   .     (boots unavailable)
MR     .....                    (no amulet)
Stlth  ++........               m - ring of protection from cold
                                o - ring of sustain attributes

@: not resistant to hostile enchantments, unstealthy
A: unfitting armour, claws 3, fast metabolism 3, gourmand, regeneration 2,
shaggy fur 1, tough skin 2
a: no special abilities


You were on level 5 of the Dungeon.
You were not hungry.

You visited 1 branch of the dungeon, and saw 5 of its levels.

You collected 266 gold pieces.

Inventory:

Missiles
 y - a throwing net (quivered)
Armour
 A - a cursed +0 robe (worn)
Jewellery
 m - a ring of protection from cold (right claw)
 o - a ring of sustain attributes (left claw)
Scrolls
 a - a scroll of recharging {unknown}
 c - 2 scrolls of fear {unknown}
 e - 3 scrolls of remove curse {unknown}
 f - a scroll of amnesia {unknown}
 h - 3 scrolls of identify {unknown}
 j - a scroll of blinking {unknown}
 l - a scroll of enchant armour {unknown}
 n - 4 scrolls of fog {unknown}
 p - 2 scrolls of teleportation {unknown}
 r - 3 scrolls of magic mapping {unknown}
 u - a scroll of random uselessness {unknown}
 v - a scroll of enchant weapon {unknown}
Potions
 d - 3 potions of lignification {unknown}
 g - 4 potions of curing {unknown}
 k - a potion of heal wounds {unknown}
 q - a potion of cancellation {unknown}
 s - a potion of ambrosia {unknown}
 t - a potion of degeneration {unknown}
Books
 w - a book of Maledictions

   Spells                             Type                      Level
   a - Corona                         Hexes                        1
   b - Ensorcelled Hibernation        Hexes/Ice                    2
   c - Confuse                        Hexes                        3
   d - Tukima's Dance                 Hexes                        3
   e - Dazzling Spray                 Conjuration/Hexes            3
 x - a book of Necromancy

   Spells                             Type                      Level
   a - Pain                           Necromancy                   1
   b - Animate Skeleton               Necromancy                   1
   c - Vampiric Draining              Necromancy                   3
   d - Regeneration                   Charms/Necromancy            3
   e - Animate Dead                   Necromancy                   4
   f - Control Undead                 Necromancy                   4
Comestibles
 b - 8 bread rations
 i - 2 meat rations
 z - a beef jerky


   Skills:
 + Level 5.1 Fighting
 - Level 2.4 Dodging
 - Level 1.1 Stealth
 * Level 8.0 Unarmed Combat


You had 6 spell levels left.
You didn't know any spells.

Dungeon Overview and Level Annotations

Branches:
Dungeon (5/15)
 Temple: D:4-7

Altars:
Dithmenos
Gozag
Nemelex Xobeh
Ru

Shops:
D:3 *   D:4 !

Annotations:
D:5 urechis's ghost, experienced TrMo


Innate Abilities, Weirdness & Mutations

You are too large for most types of armour.
You have claws for hands.
Your metabolism is lightning-fast.
You like to eat raw meat.
You heal very quickly.
You are covered in fur (AC +1).
You have very tough skin (AC +2).


Message History

Urechis's ghost is heavily damaged.
Urechis's ghost closely misses you.
You scratch urechis's ghost.
Urechis's ghost is heavily damaged.
Urechis's ghost hits you.
You closely miss urechis's ghost.
Urechis's ghost is heavily damaged.
You claw urechis's ghost!
Urechis's ghost is heavily damaged.
Urechis's ghost hits you!
You claw urechis's ghost!
Urechis's ghost is almost destroyed.
Urechis's ghost closely misses you.
You scratch urechis's ghost.
Urechis's ghost is almost destroyed.
Urechis's ghost hits you!!
* * * LOW HITPOINT WARNING * * *
You are too injured to fight recklessly!
Urechis's ghost hits you!!
You die...

############ #..........#
#.##.#.###.#####
#.##.#.#.......#
#.#......#@###.#######
##.#..#.....W.........####
#.....#.#(#.###.##.......#
#...........###.##.##.##.#
#.#######......)##....#
#.# ############..### #.#
#.........##..####.# # #.#
#.#######.##.......#
######.# #.# #.###.######


You could see urechis's ghost.

Vanquished Creatures
  Edmund (D:5)
  Duvessa (D:4)
  An ice beast (D:5)
  A centaur (D:5)
  Dowan (D:4)
  4 orc wizards
  4 orc priests
  A worker ant (D:4)
  Robin (D:2)
  3 adders
  2 oozes
  An adder zombie (D:5)
  3 worms
  An adder skeleton (D:4)
  10 orcs
  9 bats
  4 giant cockroaches
  13 goblins
  10 hobgoblins
  10 jackals
  A quokka (D:5)
  2 ball pythons
  2 giant geckos
  5 giant newts
  7 kobolds
  9 rats
107 creatures vanquished.

Notes
Turn   | Place    | Note
--------------------------------------------------------------
     0 | D:1      | urechis the Troll Monk began the quest for the Orb.
     0 | D:1      | Reached XP level 1. HP: 22/22 MP: 0/0
   109 | D:1      | Reached XP level 2. HP: 29/29 MP: 1/1
   617 | D:1      | Reached XP level 3. HP: 34/36 MP: 2/2
   748 | D:2      | Noticed Robin
   894 | D:2      | Reached XP level 4. HP: 40/45 MP: 3/3
   917 | D:2      | Killed Robin
   917 | D:2      | Reached skill level 5 in Unarmed Combat
  1089 | D:2      | Found a shadowy altar of Dithmenos.
  1302 | D:3      | Found an opulent altar of Gozag.
  1302 | D:3      | Found Gozag's Platinum Reserve.
  1344 | D:3      | You fall through a shaft for 2 floors!
  1344 | D:5      | Entered Level 5 of the Dungeon
  1520 | D:4      | Noticed Duvessa
  1520 | D:4      | Noticed Dowan
  1522 | D:4      | Reached XP level 5. HP: 43/54 MP: 4/4
  1531 | D:4      | Killed Duvessa
  1531 | D:4      | Reached skill level 6 in Unarmed Combat
  1547 | D:4      | Killed Dowan
  1547 | D:4      | Reached XP level 6. HP: 3/62 MP: 5/5
  1666 | D:4      | Found Ungayrel's Distillery.
  2377 | D:3      | Reached skill level 7 in Unarmed Combat
  2390 | D:3      | Reached XP level 7. HP: 13/71 MP: 6/6
  2847 | D:4      | Found a sacrificial altar of Ru.
  2865 | D:5      | Noticed an ice beast
  2872 | D:5      | Killed an ice beast
  2961 | D:5      | Noticed urechis's ghost (experienced TrMo)
  3114 | D:5      | Noticed Edmund
  3127 | D:5      | Killed Edmund
  3127 | D:5      | Reached skill level 5 in Fighting
  3265 | D:5      | Noticed a centaur
  3269 | D:5      | Killed a centaur
  3269 | D:5      | Reached skill level 8 in Unarmed Combat
  3309 | D:5      | Found a sparkling altar of Nemelex Xobeh.
  3462 | D:5      | Demolished by urechis's ghost

Vault maps used:
D:1:      eino_arrival_cavern_d
D:2:      grunt_dithmenos_smoke, uniq_robin
D:3:      nicolae_gozag_zags_fifth_avenue
D:4:      kennysheep_little_box, serial_shops, nicolae_shop_crystal,
          uniq_duvessa
D:5:      nicolae_overflow_crystal_walls, first_bread, uniq_edmund

Action                   |  1- 3 |  4- 6 |  7- 9 || total
-------------------------+-------+-------+-------++-------
Melee: Unarmed           |    98 |   161 |    58 ||   317
 Stab: Sleeping          |     4 |     2 |       ||     6
  Eat: Chunk             |    13 |    11 |     5 ||    29
